 Dungeon Crawl Stone Soup version 0.24-a0-317-g5cb8de4 (webtiles) character file.

Game seed: 92690731415462210

1631892 toffzen the Conqueror (level 27, 273/273 HPs)
             Began as a Minotaur Assassin on May 6, 2019.
             Was the Champion of Makhleb.
             Escaped with the Orb
             ... and 3 runes on May 16, 2019!
             The game lasted 05:02:52 (80421 turns).

toffzen the Conqueror (Minotaur Assassin)          Turns: 80421, Time: 05:02:53

Health: 273/273    AC: 50    Str: 23 (25) XL:     27
Magic:  37/37      EV: 24    Int:  7 (8)  God:    Makhleb [******]
Gold:   7693       SH:  0    Dex: 28      Spells: 25/26 levels left

rFire    + + +     SeeInvis .   a - +11 quarterstaff of Sicochoc {drain, rElec rPois rF+ rC+}
rCold    + + .     Gourm    .   (shield currently unavailable)
rNeg     + . .     Faith    .   H - +9 gold dragon scales
rPois    +         Spirit   +   V - +2 hat "Mitsecoh" {Str+3}
rElec    +         Reflect  .   I - +2 cloak {MR+}
rCorr    .         Harm     .   G - +0 pair of gloves "Waugh" {Regen+ Dex+6}
MR       +++..                  d - +0 pair of boots of Love and Death {*Drain rElec rN+}
Stlth    ..........             A - amulet of guardian spirit
HPRegen  0.95/turn              u - ring "Xihaxi" {rF+ Dex+3}
MPRegen  0.25/turn              W - ring of protection from fire

@: no status effects
A: retaliatory headbutt, horns 2, icy blue scales 1, thin metallic scales 1,
sense surroundings 1
0: Orb of Zot
}: 3/15 runes: decaying, serpentine, silver
a: Minor Destruction, Lesser Servant of Makhleb, Major Destruction, Greater
Servant of Makhleb, Renounce Religion


You escaped.
You worshipped Makhleb.
Makhleb was exalted by your worship.
You were full.

You visited 10 branches of the dungeon, and saw 49 of its levels.
You visited the Abyss 2 times.
You visited 2 bazaars.
You also visited: Ice Cave.

You collected 9313 gold pieces.
You spent 1620 gold pieces at shops.

Inventory:

Hand Weapons
 a - the +11 quarterstaff of Sicochoc (weapon) {drain, rElec rPois rF+ rC+}
   (You found it on level 6 of the Dungeon)

   A truly terrible weapon, it drains the life of those it strikes.
   It protects you from fire.
   It protects you from cold.
   It insulates you from electricity.
   It protects you from poison.
 b - a +7 lajatang of freezing
 U - a +1 hunting sling of venom
Missiles
 j - 1825 stones (quivered)
 t - 372 sling bullets
 L - 3 throwing nets
Armour
 d - the +0 pair of boots of Love and Death (worn) {*Drain rElec rN+}
   (You found it on level 3 of the Lair of Beasts)

   It insulates you from electricity.
   It protects you from negative energy.
   It causes draining when unequipped.
 G - the +0 pair of gloves "Waugh" (worn) {Regen+ Dex+6}
   (You found it on level 1 of the Elven Halls)

   It affects your dexterity (+6).
   It increases your rate of regeneration.
 H - +9 gold dragon scales (worn)
 I - a +2 cloak of magic resistance (worn)
 V - the +2 hat "Mitsecoh" (worn) {Str+3}
   (You acquired it on level 2 of the Lair of Beasts)

   It affects your strength (+3).
 X - a scarf of resistance
Jewellery
 r - the amulet of Cuz Tekotaf {rC- Regen+ Str+4}
   (You acquired it on level 15 of the Dungeon)

   [amulet of regeneration]

   It affects your strength (+4).
   It makes you vulnerable to cold.
   It increases your rate of regeneration.
 u - the ring "Xihaxi" (left hand) {rF+ Dex+3}
   (You found it on level 2 of the Vaults)

   [ring of protection from fire]

   It affects your dexterity (+3).
   It protects you from fire.
 v - an uncursed ring of protection from magic
 y - an uncursed ring of positive energy
 A - an amulet of guardian spirit (around neck)
 B - an uncursed ring of protection from magic
 M - an uncursed ring of see invisible
 T - an uncursed ring of protection from cold
 W - a ring of protection from fire (right hand)
Wands
 e - a wand of paralysis (24)
 f - a wand of iceblast (80)
 n - a wand of clouds (10)
 F - a wand of flame (82)
 J - a wand of digging (14)
 S - a wand of acid (34)
Scrolls
 c - 6 scrolls of teleportation
 i - 30 scrolls of remove curse
 k - 4 scrolls of fog
 l - a scroll of silence
 m - 2 scrolls of summoning
 s - 2 scrolls of fear
 x - 8 scrolls of blinking
 z - 8 scrolls of immolation
 D - 4 scrolls of identify
 E - 4 scrolls of torment
 O - a scroll of holy word
Potions
 h - 3 potions of berserk rage
 o - 25 potions of curing
 p - 9 potions of mutation
 q - 5 potions of invisibility
 w - 3 potions of resistance
 C - 2 potions of cancellation
 N - 4 potions of heal wounds
 P - 4 potions of lignification
 Q - 7 potions of flight
 R - 2 potions of haste
 Y - 2 potions of agility
 Z - 6 potions of might
Comestibles
 g - 56 rations


   Skills:
 O Level 27 Fighting
   Level 2.1 Short Blades
   Level 6.3(13.4) Maces & Flails
 - Level 18.0(18.3) Staves
 - Level 2.0 Throwing
 + Level 26.8 Armour
 + Level 25.1 Dodging
 - Level 3.2 Stealth
   Level 3.1 Shields
 + Level 23.4 Invocations
 - Level 1.9 Evocations


You had 25 spell levels left.
You knew the following spells:

 Your Spells              Type           Power        Failure   Level  Hunger
a - Apportation           Tloc           #.....       98%         1    ##.....

Your spell library contained the following spells:

 Spells                   Type           Power        Failure   Level  Hunger
 Animate Skeleton         Necr           N/A          98%         1    ##.....
 Confusing Touch          Hex            #.....       98%         1    ##.....
 Corona                   Hex            #......      98%         1    ##.....
 Flame Tongue             Conj/Fire      #....        98%         1    ##.....
 Freeze                   Ice            #...         98%         1    ##.....
 Infusion                 Chrm           #...         98%         1    ##.....
 Magic Dart               Conj           #...         98%         1    ##.....
 Pain                     Necr           #...         98%         1    ##.....
 Sting                    Conj/Pois      #...         98%         1    ##.....
 Summon Butterflies       Summ           #.......     98%         1    ##.....
 Summon Small Mammal      Summ           #...         98%         1    ##.....
 Blink                    Tloc           N/A          99%         2    ###....
 Call Imp                 Summ           #.......     99%         2    ###....
 Corpse Rot               Necr           N/A          99%         2    ###....
 Ensorcelled Hibernation  Hex/Ice        #.....       99%         2    ###....
 Passwall                 Tmut/Erth      #.......     99%         2    ###....
 Poisonous Vapours        Pois/Air       #.....       99%         2    ###....
 Searing Ray              Conj           #.....       99%         2    ###....
 Shroud of Golubria       Chrm/Tloc      #.........   99%         2    ###....
 Slow                     Hex            #.......     99%         2    ###....
 Song of Slaying          Chrm           #.......     99%         2    ###....
 Sublimation of Blood     Necr           #.........   99%         2    ###....
 Swiftness                Chrm/Air       #.......     99%         2    ###....
 Throw Flame              Conj/Fire      #.....       99%         2    ###....
 Throw Frost              Conj/Ice       #.....       99%         2    ###....
 Call Canine Familiar     Summ           #.......     100%        3    ####...
 Confuse                  Hex            #.......     100%        3    ####...
 Conjure Flame            Conj/Fire      #.......     100%        3    ####...
 Dazzling Spray           Conj/Hex       #.....       100%        3    ####...
 Gell's Gravitas          Tloc           #.........   100%        3    ####...
 Ignite Poison            Fire/Tmut/Pois #.......     100%        3    ####...
 Inner Flame              Hex/Fire       #.......     100%        3    ####...
 Lesser Beckoning         Tloc           #.........   100%        3    ####...
 Mephitic Cloud           Conj/Pois/Air  #.......     100%        3    ####...
 Ozocubu's Armour         Chrm/Ice       #.......     100%        3    ####...
 Regeneration             Chrm/Necr      #.........   100%        3    ####...
 Spectral Weapon          Hex/Chrm       #.......     100%        3    ####...
 Stone Arrow              Conj/Erth      #.....       100%        3    ####...
 Summon Guardian Golem    Hex/Summ       #.......     100%        3    ####...
 Teleport Other           Tloc           #.......     100%        3    ####...
 Tukima's Dance           Hex            #.......     100%        3    ####...
 Vampiric Draining        Necr           #.........   100%        3    ####...
 Airstrike                Air            #.........   100%        4    #####..
 Animate Dead             Necr           N/A          100%        4    #####..
 Cause Fear               Hex            #.........   100%        4    #####..
 Force Lance              Conj/Tloc      #.......     100%        4    #####..
 Fulminant Prism          Conj/Hex       #.........   100%        4    #####..
 Iskenderun's Mystic Bla  Conj           #.......     100%        4    #####..
 Leda's Liquefaction      Hex/Erth       #.........   100%        4    #####..
 Olgreb's Toxic Radiance  Pois           #.......     100%        4    #####..
 Petrify                  Tmut/Erth      #.......     100%        4    #####..
 Sticky Flame             Conj/Fire      #.......     100%        4    #####..
 Summon Ice Beast         Ice/Summ       #.......     100%        4    #####..
 Summon Lightning Spire   Summ/Air       #.......     100%        4    #####..
 Throw Icicle             Conj/Ice       #.......     100%        4    #####..
 Agony                    Necr           #.......     100%        5    ######.
 Alistair's Intoxication  Tmut/Pois      #.......     100%        5    ######.
 Bolt of Draining         Conj/Necr      #.........   100%        5    ######.
 Bolt of Magma            Conj/Fire/Erth #.........   100%        5    ######.
 Borgnjor's Vile Clutch   Necr/Erth      #.........   100%        5    ######.
 Dispel Undead            Necr           #.......     100%        5    ######.
 Excruciating Wounds      Chrm/Necr      #.........   100%        5    ######.
 Fireball                 Conj/Fire      #.........   100%        5    ######.
 Irradiate                Conj/Tmut      #.........   100%        5    ######.
 Iskenderun's Battlesphe  Conj/Chrm      #.......     100%        5    ######.
 Lee's Rapid Deconstruct  Erth           #.........   100%        5    ######.
 Metabolic Englaciation   Hex/Ice        #.........   100%        5    ######.
 Silence                  Hex/Air        #.........   100%        5    ######.
 Summon Forest            Summ/Tloc      #.........   100%        5    ######.
 Summon Mana Viper        Hex/Summ       #.......     100%        5    ######.
 Venom Bolt               Conj/Pois      #.........   100%        5    ######.
 Yara's Violent Unravell  Hex/Tmut       #.........   100%        5    ######.
 Conjure Ball Lightning   Conj/Air       #.........   100%        6    #######
 Darkness                 Hex            #.........   100%        6    #######
 Death Channel            Necr           #.........   100%        6    #######
 Deflect Missiles         Chrm/Air       #.........   100%        6    #######
 Hydra Form               Tmut           #.........   100%        6    #######
 Invisibility             Hex            #.......     100%        6    #######
 Iron Shot                Conj/Erth      #.........   100%        6    #######
 Simulacrum               Ice/Necr       #.........   100%        6    #######
 Haunt                    Necr/Summ      #.........   100%        7    #######
 Orb of Destruction       Conj           #.........   100%        7    #######
 Spellforged Servitor     Conj/Summ      #.........   100%        7    #######
 Summon Hydra             Summ           #.........   100%        7    #######
 Borgnjor's Revivificati  Necr           #.........   100%        8    #######
 Death's Door             Chrm/Necr      #.........   100%        8    #######
 Discord                  Hex            #.........   100%        8    #######
 Infestation              Necr           #.........   100%        8    #######
 Necromutation            Tmut/Necr      #.........   100%        8    #######
 Dragon's Call            Summ           #.........   100%        9    #######
 Tornado                  Air            #.........   100%        9    #######
 Passage of Golubria      Tloc           Unusable     N/A         4    N/A

Dungeon Overview and Level Annotations

Branches:
Dungeon (15/15)            Temple (1/1) D:6            Lair (6/6) D:8
  Swamp (4/4) Lair:3        Snake (4/4) Lair:2        Slime (0/5) Lair:6
    Orc (2/2) D:10            Elf (2/3) Orc:2        Vaults (5/5) D:14
  Crypt (0/3) Vaults:3     Depths (5/5) D:15            Zot (5/5) Depths:5

Altars:
Ashenzari
Cheibriados
Dithmenos
Elyvilon
Fedhas
Gozag
Hepliaklqana
Kikubaaqudgha
Makhleb
Nemelex Xobeh
Okawaru
Qazlal
Sif Muna
Trog
Uskayaw
Vehumet
Wu Jian
Xom
Yredelemnul
Zin
The Shining One
Beogh
Jiyva

Shops:
D:10 *   D:12 :*   Orc:2 }([=*   Elf:1 [   Vaults:2 }   Depths:1 (

Portals:
Hell: Depths:1 Depths:2 Depths:3 Depths:4 Depths:5
Abyss: Depths:4
Pandemonium: Depths:3 Depths:4
Ziggurat: Depths:3
Trove: D:14 (give +3 gold dragon scales)

Annotations:
D:11 1 runed translucent door
Lair:2 exclusion: oklob plant
Depths:4 2 transporters, galech's ghost, veteran DsFi
Zot:3 exclusion: lightning spire


Innate Abilities, Weirdness & Mutations

You reflexively headbutt those who attack you in melee.
You have a pair of horns on your head.
You are partially covered in icy blue scales. (AC +2)
You are partially covered in thin metallic scales. (AC +2)
You passively map a small area around you.


Message History

This square is covered in magical glow.
The rock shatters into small pieces.
Your extra speed is starting to run out.
There is a stone staircase leading up here.
You climb upwards.
There is a stone staircase leading down here.
You feel yourself slow down.
You sock the plant! You headbutt the plant.
The plant is lightly damaged.
You hit the plant.
You headbutt the plant, but do no damage.
The plant is moderately damaged.
You hit the plant.
The plant is moderately damaged.
You sock the plant! You headbutt the plant!
The plant is almost destroyed.
You hit the plant. You headbutt the plant!
You destroy the plant!
There is a staircase leading out of the dungeon here.
You have escaped! ♣♣♣♣♣♣♣♣♣ ♣.......♣ ♣.PPPPP.♣

♣.P≈≈≈P.♣
♣.P≈8≈P.♣
♣.P≈≈≈P.♣
♣..PPPP.♣#########
♣@♣.....♣.........
♣♣♣.♣♣♣♣♣.####...#
#.# #...####.#.#
#.###>[.........
#.......######.#
##...........#.#
#......####.#.#
#......# #.#.#
#......# #.#.#


There were no monsters in sight!

Vanquished Creatures
  A seraph (Depths:5)
  9 orbs of fire
  Mara (Snake:4)
  5 ancient liches
  Mennas (Vaults:2)
  2 juggernauts
  Sojobo (Vaults:2)
  Boris (thrice) (Vaults:2 Depths:5 Vaults:4)
  7 Killer Klowns
  Xtahua (Vaults:2)
  the Lernaean hydra (Swamp:4)
  A curse toe (Zot:5)
  Margery (Vaults:3)
  12 golden dragons
  3 caustic shrikes (Depths:5)
  A bone dragon (Abyss:5)
  Nikola (Depths:2)
  A Tzitzimitl (Zot:5)
  3 electric golems
  A Hell Sentinel (Zot:5)
  An Ice Fiend (Zot:5)
  17 tentacled monstrosities
  Jorgrun (D:12)
  28 Orb Guardians
  3 titans
  5 liches
  The ghost of toffzen the Severer, an adept MiAs of Hepliaklqana (Vaults:2)
  5 quicksilver dragons
  Frances (Swamp:1)
  8 death cobs
  5 sphinxes
  3 tentacled starspawn (Abyss:5)
  A thorn hunter (Swamp:4)
  A sphinx (shapeshifter) (Vaults:5)
  19 storm dragons
  11 shadow dragons
  11 nagarajas
  4 draconian monks
  11 tengu reavers
  The ghost of PeterLawrence the Tortoise, an adept MiFi of Okawaru (Elf:1)
  5 iron dragons
  A deep elf sorcerer (Abyss:5)
  8 fire giants
  4 ghost moths
  Louise (Swamp:1)
  9 frost giants
  6 draconian scorchers
  A daeva (Depths:5)
  A cacodemon (Elf:1)
  An orc warlord (Orc:1)
  4 draconian knights
  13 vault wardens
  7 draconian shifters
  Aizul (Vaults:2)
  6 draconian stormcallers
  The ghost of Ratty the Eclecticist, an adept DENe of Kikubaaqudgha (Vaults:2)
  20 ironheart preservers
  A ghoul (Vaults:2)
  13 stone giants
  A deep elf elementalist (Vaults:5)
  24 very ugly things
  3 entropy weavers
  4 draconian annihilators
  A reaper (Depths:3)
  A spriggan defender (Depths:4)
  8 black draconians
  6 deep elf demonologists
  2 dire elephants (Zot:3)
  3 vampire knights
  A lorocyproca (Abyss:5)
  8 red draconians
  14 green draconians
  3 deep elf annihilators
  12 purple draconians
  13 spark wasps
  10 white draconians
  6 yellow draconians
  Snorg (Orc:2)
  6 deep elf death magi
  2 crystal guardians (D:14)
  17 ettins
  13 fire dragons
  A merfolk impaler (D:15)
  Josephine (Lair:5)
  2 deep elf high priests
  Fannar (D:12)
  11 great orbs of eyes
  13 ice dragons
  16 yaktaur captains
  11 hydras
  2 starcursed masses (Abyss:5)
  3 rakshasas
  28 vault guards
  2 catoblepae
  3 shambling mangroves
  A hell beast (D:6)
  2 ghost crabs (Swamp:4)
  11 centaur warriors
  2 spriggan air magi
  6 naga warriors
  20 anacondas
  18 dancing weapons
  3 death knights
  10 tengu warriors
  An alligator (shapeshifter) (Elf:1)
  14 ogre magi
  40 two-headed ogres
  2 hell hogs
  3 vampire magi (D:15)
  8 deep troll shamans
  23 alligators
  5 deep troll earth magi
  8 shock serpents
  Urug (Lair:6)
  A sun demon (Abyss:5)
  2 orc high priests (Orc:2)
  A titan zombie (Depths:4)
  4 soul eaters
  3 spriggan berserkers
  11 naga sharpshooters
  21 deep elf knights
  A small abomination (Vaults:5)
  A thrashing horror (Abyss:2)
  A salamander mystic (Snake:4)
  5 shadow wraiths
  4 sixfirhies
  2 skeletal warriors
  4 iron trolls
  A cherub (Depths:5)
  A sea snake (shapeshifter) (Depths:3)
  6 glowing orange brains
  4 flayed ghosts
  34 deep trolls
  A titan skeleton (Depths:3)
  15 large abominations
  11 hell knights
  3 wizards
  17 deep elf archers
  21 ironbrand convokers
  6 unseen horrors
  A golden dragon skeleton (Vaults:5)
  2 spriggan druids
  A shadow dragon zombie (Vaults:5)
  A wolf spider zombie (D:15)
  10 swamp dragons
  4 phantasmal warriors (Vaults:5)
  A tengu zombie (Depths:3)
  17 orc knights
  An orange crystal statue (D:14)
  A lindwurm (D:14)
  2 harpies (shapeshifter)
  8 naga ritualists (Snake:4)
  Pikel (D:7)
  2 wolf spiders
  12 necromancers
  74 deep elf magi
  4 mana vipers
  2 mana vipers (shapeshifter)
  A tengu skeleton (Depths:1)
  7 cyclopes
  8 salamanders
  5 orc sorcerers
  The ghost of MisterFreud the Slasher, a novice OpFi (D:4)
  5 centaur zombies
  21 moths of wrath
  27 ugly things
  A guardian serpent (shapeshifter) (D:13)
  Psyche (D:8)
  An apocalypse crab (Abyss:5)
  11 guardian serpents
  12 elephants
  29 black mambas
  An elf zombie (Depths:4)
  16 vault sentinels
  18 naga magi
  A smoke demon (Abyss:2)
  An ice statue (IceCv)
  20 spiny frogs
  Maurice (D:9)
  An orange demon (Depths:3)
  An orc skeleton (Vaults:2)
  2 gargoyles
  2 spiny frogs (shapeshifter)
  A kobold demonologist (D:12)
  39 yaktaurs
  A spriggan zombie (Depths:1)
  17 freezing wraiths
  A yaktaur zombie (Vaults:5)
  7 komodo dragons
  2 human skeletons
  6 tengu conjurers
  3 rime drakes
  A spark wasp simulacrum (Depths:4)
  A tormentor (Zot:5)
  5 polar bears (Lair:6)
  3 ancient zymes
  A tengu simulacrum (Vaults:5)
  7 trolls
  A troll (shapeshifter) (D:13)
  A hornet (shapeshifter) (Elf:1)
  Prince Ribbit (D:8)
  16 hornets
  8 tyrant leeches
  A shadow dragon simulacrum (Depths:4)
  A blink frog (shapeshifter) (Depths:3)
  A slime creature (shapeshifter) (Vaults:5)
  A hippogriff (shapeshifter) (D:15)
  55 slime creatures
  2 stone giant simulacra
  A sphinx simulacrum (Depths:3)
  An iron dragon simulacrum (Depths:4)
  32 blink frogs
  10 hippogriffs
  14 bog bodies
  A fire giant simulacrum (Vaults:2)
  A meliai zombie (D:15)
  6 dream sheep
  An ettin zombie (Depths:3)
  A snapping turtle (shapeshifter) (Vaults:4)
  4 human simulacra
  3 air elementals
  4 redbacks
  A frost giant simulacrum (Vaults:5)
  7 shadows
  A spriggan (shapeshifter) (Depths:2)
  20 spriggans
  A wyvern (Lair:4)
  7 water elementals
  3 fire elementals
  A redback (shapeshifter) (Elf:1)
  2 vampires
  A basilisk (shapeshifter) (Elf:1)
  2 basilisks
  11 wraiths
  9 humans
  A human (shapeshifter) (Depths:4)
  23 yaks
  A yak (shapeshifter) (Vaults:3)
  2 deep troll skeletons
  A golden eye (shapeshifter) (Depths:1)
  14 vampire mosquitoes
  A hog (shapeshifter) (Vaults:2)
  5 hungry ghosts
  A chaos spawn (Abyss:5)
  A neqoxec (Abyss:5)
  A death yak simulacrum (IceCv)
  36 nagas
  12 wargs
  16 swamp worms
  2 acid dragons
  23 insubstantial wisps
  A soldier ant (shapeshifter) (Depths:5)
  10 hell hounds (Depths:4)
  2 soldier ants
  An acid dragon (shapeshifter) (Vaults:4)
  18 water moccasins
  Duvessa (D:7)
  A floating eye (shapeshifter) (Abyss:5)
  8 porcupines
  44 orc warriors
  An alligator simulacrum (IceCv)
  11 ice beasts
  2 eyes of draining
  A swamp drake (shapeshifter) (Elf:1)
  14 swamp drakes
  42 ogres
  4 black bears
  2 necrophages
  5 sky beasts
  13 boggarts
  4 phantoms
  25 wolves
  An elf skeleton (Vaults:5)
  20 centaurs
  15 crocodiles
  5 big kobolds
  21 bullfrogs
  A wyvern zombie (D:13)
  An earth elemental (Elf:1)
  A wyvern skeleton (D:8)
  A scorpion (D:12)
  Dowan (D:7)
  A hornet simulacrum (Vaults:1)
  6 killer bees (D:9)
  3 wights (D:7)
  An orc simulacrum (Vaults:2)
  A howler monkey (D:10)
  An electric eel (Lair:4)
  5 crimson imps
  A bullfrog zombie (D:12)
  A quasit (D:6)
  3 draconian simulacra (IceCv)
  4 centaur skeletons
  2 hounds
  A hound (shapeshifter) (Elf:1)
  2 jellies
  26 orc priests
  4 iguanas
  Natasha (thrice) (D:2)
  Terence (D:2)
  A spriggan simulacrum (IceCv)
  30 orc wizards
  2 polar bear simulacra (IceCv)
  4 troll simulacra (IceCv)
  7 worker ants
  4 centaur simulacra
  A hound zombie (D:7)
  A worker ant zombie (D:7)
  Robin (D:2)
  2 howler monkey skeletons (D:7)
  2 ogre simulacra (IceCv)
  11 adders
  5 naga simulacra (IceCv)
  3 shadow imps
  24 white imps
  An ooze (D:1)
  2 adder zombies
  An adder skeleton (D:4)
  A worm (D:4)
  2 dart slugs
  8 leopard geckos
  95 orcs
  An orc (shapeshifter) (Elf:1)
  2 ball pythons
  8 giant cockroaches
  15 hobgoblins
  3 jackals (D:1)
  5 quokkas
  5 bats
  8 frilled lizards
  2 gnoll zombies (D:9)
  14 goblins
  31 kobolds
  A leopard gecko skeleton (D:5)
  2 quokka skeletons
  7 rats
  A crawling corpse (Vaults:5)
  A plant (D:1)
  2 starspawn tentacles (Abyss:5)
2373 creatures vanquished.

Vanquished Creatures (collateral kills)
  An ancient lich (D:15)
  A tentacled monstrosity (Swamp:4)
  The ghost of Gorice the Thaumaturge, an adept GnWz of Kikubaaqudgha (Vaults:2)
  A titan (Vaults:5)
  A deep elf blademaster (Elf:2)
  A storm dragon (Zot:4)
  A vault warden (Vaults:1)
  A deep elf sorcerer (Vaults:5)
  An orc warlord (Orc:2)
  3 draconian shifters (Zot:4)
  An ironheart preserver (Vaults:1)
  A green draconian (Zot:4)
  A purple draconian (Zot:4)
  An ettin (Vaults:5)
  A fire dragon (Depths:1)
  A deep elf death mage (Vaults:1)
  A large abomination (Vaults:5)
  A yaktaur captain (Vaults:1)
  An ice dragon (Depths:5)
  4 vault guards
  A deep elf knight (Vaults:5)
  A deep elf archer (Vaults:1)
  A mana viper (Snake:4)
  A necromancer (Vaults:5)
  A deep elf mage (Vaults:1)
  4 vault sentinels
  2 yaktaurs (Vaults:5)
  An ettin zombie (Vaults:2)
  A dream sheep (Lair:5)
  A wraith (Vaults:1)
  A water elemental (Depths:1)
  A warg (Orc:1)
  A soldier ant (shapeshifter) (Elf:1)
  2 swamp drakes
  An ogre (Vaults:1)
  A centaur (D:12)
  An orc wizard (Orc:1)
  A centaur simulacrum (IceCv)
  An ogre simulacrum (IceCv)
  An orc (D:12)
50 creatures vanquished.

Vanquished Creatures (others)
  3 draconian knights
  2 hell hogs
  A deep elf knight (Elf:1)
  A large abomination (Abyss:5)
  A yaktaur (Vaults:5)
  A tengu conjurer (Depths:3)
  2 ogres
  2 centaurs
  A jelly (D:10)
  2 iguanas (Lair:3)
  A kobold (D:10)
  14 fungi
  11 plants
  11 starspawn tentacles (Abyss:5)
53 creatures vanquished.

Grand Total: 2476 creatures vanquished

Notes
Turn   | Place    | Note
-------+----------+-------------------------------------------
     0 | D:1      | toffzen the Minotaur Assassin began the quest for the Orb.
     0 | D:1      | Reached XP level 1. HP: 18/18 MP: 0/0
   144 | D:1      | Reached skill level 1 in Armour
   218 | D:1      | Reached XP level 2. HP: 25/25 MP: 1/1
   474 | D:1      | Reached skill level 3 in Fighting
   828 | D:1      | Reached XP level 3. HP: 31/31 MP: 2/2
  1273 | D:2      | Reached skill level 1 in Maces & Flails
  1288 | D:2      | Noticed Robin
  1778 | D:2      | Noticed Natasha
  1797 | D:2      | Killed Natasha
  1797 | D:2      | Reached XP level 4. HP: 35/38 MP: 3/3
  1904 | D:2      | Noticed Natasha
  1934 | D:2      | Killed Natasha
  2084 | D:2      | Noticed Natasha
  2092 | D:2      | Killed Natasha
  2092 | D:2      | Reached XP level 5. HP: 28/46 MP: 4/4
  2235 | D:2      | Killed Robin
  2375 | D:2      | Noticed Terence
  2394 | D:2      | Killed Terence
  2867 | D:2      | Reached skill level 4 in Fighting
  3540 | D:3      | Found a shimmering altar of Xom.
  3693 | D:4      | Found a runed translucent gate.
  3693 | D:4      | Found a runed translucent gate.
  3694 | D:4      | Found a runed translucent gate.
  3694 | D:4      | Noticed MisterFreud's ghost (novice OpFi)
  3699 | D:4      | Found a roughly hewn altar of Beogh.
  3866 | D:4      | Reached XP level 6. HP: 45/52 MP: 5/5
  4037 | D:4      | Reached skill level 1 in Shields
  4814 | D:5      | Entered Level 5 of the Dungeon
  4890 | D:5      | Reached XP level 7. HP: 24/60 MP: 6/6
  5154 | D:5      | Found a radiant altar of Vehumet.
  5169 | D:5      | Reached skill level 5 in Maces & Flails
  5645 | D:5      | Reached skill level 5 in Fighting
  6022 | D:6      | Found a staircase to the Ecumenical Temple.
  6029 | Temple   | Entered the Ecumenical Temple
  6211 | Temple   | Became a worshipper of Makhleb the Destroyer
  6328 | D:6      | Reached XP level 8. HP: 42/69 MP: 7/7
  6480 | D:6      | Got a pitted quarterstaff
  6548 | D:6      | Identified the +11 quarterstaff of Sicochoc {drain, rElec
                  | rPois rF+ rC+} (You found it on level 6 of the Dungeon)
  6689 | D:6      | Reached skill level 1 in Staves
  6689 | D:6      | Reached skill level 1 in Invocations
  6781 | D:6      | Found a bloodstained altar of Trog.
  6793 | D:6      | Reached skill level 5 in Armour
  7180 | D:7      | Reached skill level 5 in Dodging
  7183 | D:7      | Reached skill level 6 in Fighting
  7350 | D:7      | Reached * piety under Makhleb
  7383 | D:7      | Found an ornate altar of the Wu Jian Council.
  7573 | D:7      | Noticed Dowan
  7574 | D:7      | Noticed Duvessa
  7584 | D:7      | Killed Dowan
  7598 | D:8      | Noticed Psyche
  7634 | D:7      | Reached skill level 5 in Staves
  7634 | D:7      | Reached XP level 9. HP: 76/78 MP: 8/10
  7640 | D:7      | Killed Duvessa
  7731 | D:7      | Found a sparkling altar of Nemelex Xobeh.
  7731 | D:7      | Noticed Pikel
  7734 | D:7      | Killed Pikel
  7734 | D:7      | Reached skill level 7 in Fighting
  8026 | D:8      | Found a staircase to the Lair.
  8043 | D:8      | Noticed Prince Ribbit
  8057 | D:8      | Killed Prince Ribbit
  8206 | D:8      | Noticed a two-headed ogre
  8219 | D:8      | Killed a two-headed ogre
  8219 | D:8      | Reached XP level 10. HP: 88/88 MP: 12/12
  8494 | D:8      | Killed Psyche
  8494 | D:8      | Reached skill level 8 in Fighting
  8507 | D:8      | Reached ** piety under Makhleb
  8792 | D:8      | Reached skill level 5 in Invocations
  9060 | D:9      | Found a white marble altar of Elyvilon.
  9145 | D:9      | Noticed a two-headed ogre
  9152 | D:9      | Killed a two-headed ogre
  9339 | D:9      | Noticed Maurice
  9347 | D:9      | Killed Maurice
  9479 | D:9      | Found a stormy altar of Qazlal.
  9552 | D:9      | Found an ornate altar of the Wu Jian Council.
  9559 | D:9      | Found a snail-covered altar of Cheibriados.
  9703 | D:9      | Found a basalt altar of Yredelemnul.
  9857 | D:10     | Entered Level 10 of the Dungeon
  9859 | D:10     | Reached *** piety under Makhleb
  9943 | D:10     | Noticed a deep elf mage
 10112 | D:10     | Reached XP level 11. HP: 95/95 MP: 14/14
 10125 | D:10     | Found an opulent altar of Gozag.
 10129 | D:10     | Found Gozag's Platinum Reserve.
 10204 | D:10     | Killed an unseen horror
 10204 | D:10     | Reached skill level 9 in Fighting
 10231 | D:10     | Found a staircase to the Orcish Mines.
 10245 | D:10     | Got a warped leather armour
 10271 | D:10     | Reached skill level 10 in Staves
 10273 | D:10     | Killed a deep elf mage
 10688 | Lair:1   | Entered Level 1 of the Lair of Beasts
 10763 | Lair:1   | Noticed a catoblepas
 10783 | Lair:1   | Killed a catoblepas
 11075 | Lair:1   | Reached **** piety under Makhleb
 11271 | Lair:1   | Reached skill level 10 in Fighting
 11663 | Lair:1   | Reached XP level 12. HP: 103/106 MP: 15/15
 12008 | Lair:1   | Reached skill level 10 in Armour
 12183 | Lair:2   | Found a glowing silver altar of Zin.
 12313 | Lair:2   | Identified the +5 leather armour of Tunok {+Inv rElec MP-9}
                  | (You found it on level 10 of the Dungeon)
 12441 | Lair:2   | Found a staircase to the Snake Pit.
 12678 | Lair:2   | Identified 3 scrolls of acquirement
 12682 | Lair:2   | Got a heavily runed buckler
 12686 | Lair:2   | Got a scorched hat
 12692 | Lair:2   | Identified the +2 hat "Mitsecoh" {Str+3} (You acquired it
                  | on level 2 of the Lair of Beasts)
 12943 | Lair:2   | Identified Dispater's Catalogue of Calling
 13564 | Lair:3   | Found a staircase to the Swamp.
 13603 | Lair:3   | Got a pair of faintly glowing boots
 13609 | Lair:3   | Identified the cursed +0 pair of boots of Love and Death
                  | {*Drain rElec rN+} (You found it on level 3 of the Lair of
                  | Beasts)
 14233 | Lair:4   | Found a gate leading to a gauntlet.
 14449 | Lair:4   | Reached skill level 11 in Fighting
 14476 | Lair:4   | Found a frozen archway.
 14507 | IceCv    | Entered an ice cave
 14514 | IceCv    | Reached ***** piety under Makhleb
 14553 | IceCv    | Reached skill level 10 in Dodging
 15349 | IceCv    | Found an ancient bone altar of Kikubaaqudgha.
 15964 | Lair:4   | Reached XP level 13. HP: 115/117 MP: 16/16
 16413 | Lair:5   | Upgraded the game from 0.24-a0-284-g9fb9971 to
                  | 0.24-a0-285-g3c078ff
 16426 | Lair:4   | Reached skill level 12 in Fighting
 16642 | Lair:5   | Noticed Josephine
 16659 | Lair:5   | Killed Josephine
 17381 | Lair:6   | Entered Level 6 of the Lair of Beasts
 17602 | Lair:6   | Reached ****** piety under Makhleb
 17602 | Lair:6   | Reached skill level 13 in Fighting
 17675 | Lair:6   | Noticed Urug
 17697 | Lair:6   | Killed Urug
 18485 | Lair:6   | Reached XP level 14. HP: 98/130 MP: 17/17
 18654 | Lair:6   | Reached skill level 14 in Fighting
 18671 | Lair:6   | Paralysed by a hornet for 2 turns
 18885 | Lair:6   | Found a staircase to the Slime Pits.
 18886 | Lair:6   | Found a viscous altar of Jiyva.
 19285 | Orc:1    | Entered Level 1 of the Orcish Mines
 19285 | Orc:1    | Found a roughly hewn altar of Beogh.
 19489 | Orc:1    | Noticed an orc warlord
 19775 | Orc:1    | Killed an orc warlord
 20055 | Orc:1    | Identified the Grimoire of Good Luck and Unholy Arts
 20186 | Orc:1    | Upgraded the game from 0.24-a0-285-g3c078ff to
                  | 0.24-a0-290-gbb66a67
 20200 | Orc:2    | Entered Level 2 of the Orcish Mines
 20363 | Orc:2    | Found Deihaddoju's Gadget Shoppe.
 20494 | Orc:2    | Upgraded the game from 0.24-a0-290-gbb66a67 to
                  | 0.24-a0-291-g79c1ce7
 20545 | Orc:2    | Noticed Snorg
 20568 | Orc:2    | Killed Snorg
 20669 | Orc:2    | Reached skill level 15 in Fighting
 20860 | Orc:2    | Found a staircase to the Elven Halls.
 21086 | Orc:2    | Noticed an orc warlord
 21116 | Orc:2    | Killed an orc warlord
 21484 | Orc:2    | Found a roughly hewn altar of Beogh.
 21564 | Orc:2    | Found Epekh's Antique Weapon Emporium.
 21580 | Orc:2    | Found Penlupun's Jewellery Emporium.
 21637 | Orc:2    | Found Gitaoxeo's General Store.
 21645 | Orc:2    | Bought a +0 pair of gloves for 67 gold pieces
 21645 | Orc:2    | Bought a potion of resistance for 150 gold pieces
 21658 | Orc:2    | Found Akipti Gylo's Antique Armour Emporium.
 21858 | Orc:2    | Found a roughly hewn altar of Beogh.
 22422 | D:11     | Found a white marble altar of Elyvilon.
 22422 | D:11     | Found a runed translucent door.
 22422 | D:11     | Noticed an angel
 22541 | D:12     | Noticed Fannar
 22555 | D:12     | Killed Fannar
 22776 | D:12     | Noticed Jorgrun
 22786 | D:12     | Killed Jorgrun
 22805 | D:12     | Found Suapna's General Store.
 22822 | D:12     | Bought a scroll of identify for 28 gold pieces
 22936 | D:12     | Reached skill level 16 in Fighting
 23241 | D:12     | Found Diemmeos's Book Shop.
 23440 | D:13     | Reached XP level 15. HP: 144/144 MP: 18/18
 24377 | D:14     | Found a portal to a secret trove of treasure.
 24418 | D:14     | Got an ancient plate armour
 24689 | D:14     | Found a runed translucent door.
 24764 | D:14     | Found a gate to the Vaults.
 25416 | D:4      | Killed MisterFreud's ghost
 25475 | D:4      | Identified the +1 plate armour "Sanud" {Str+3} (You found
                  | it on level 14 of the Dungeon)
 25677 | D:15     | Entered Level 15 of the Dungeon
 25786 | D:15     | Reached skill level 15 in Armour
 25893 | D:15     | Reached skill level 17 in Fighting
 26037 | D:15     | Found a blossoming altar of Fedhas.
 26238 | D:15     | Found a flickering gateway to a bazaar.
 26258 | Bazaar   | Entered a bazaar
 26258 | Bazaar   | Found Sasieprif's Food Shop.
 26264 | Bazaar   | Found Caul's General Store.
 26275 | Bazaar   | Found Cogov's General Store.
 26281 | Bazaar   | Bought a scroll of enchant armour for 112 gold pieces
 26281 | Bazaar   | Bought a scroll of identify for 30 gold pieces
 26300 | Bazaar   | Found Giasu's Gadget Emporium.
 26309 | Bazaar   | Found Geakkesm's Assorted Antiques.
 26317 | Bazaar   | Bought a flickering marble ring for 130 gold pieces
 26317 | Bazaar   | Bought a scroll of blinking for 195 gold pieces
 26317 | Bazaar   | Identified the cursed ring "Horyquim" {*Contam +Blink EV-5
                  | Dex+2} (You bought it in a shop in a bazaar)
 26348 | Bazaar   | Bought a scroll of teleportation for 48 gold pieces
 26348 | Bazaar   | Bought a scroll of teleportation for 48 gold pieces
 26682 | D:15     | Found a staircase to the Depths.
 26834 | D:15     | Got a pitted jade amulet
 27062 | Snake:1  | Entered Level 1 of the Snake Pit
 27128 | Snake:1  | Identified the amulet of Cuz Tekotaf {rC- Regen+ Str+4}
                  | (You acquired it on level 15 of the Dungeon)
 28000 | Snake:2  | Noticed a nagaraja
 28012 | Snake:2  | Reached skill level 1 in Evocations
 28026 | Snake:1  | Killed a nagaraja
 29251 | Snake:3  | Found an iron altar of Okawaru.
 29645 | Snake:4  | Entered Level 4 of the Snake Pit
 29695 | Snake:4  | Noticed a nagaraja
 29711 | Snake:4  | Killed a nagaraja
 29711 | Snake:4  | Reached XP level 16. HP: 142/157 MP: 20/20
 29738 | Snake:4  | Upgraded the game from 0.24-a0-291-g79c1ce7 to
                  | 0.24-a0-292-g5c6fb1c
 30255 | Snake:4  | Noticed Mara
 30284 | Snake:4  | Noticed toffzen's illusion
 30449 | Snake:4  | Noticed toffzen's illusion
 30462 | Snake:4  | Killed Mara
 30462 | Snake:4  | Reached skill level 18 in Fighting
 30547 | Snake:4  | Reached skill level 15 in Dodging
 31302 | Snake:4  | Reached skill level 10 in Invocations
 31739 | Snake:4  | Reached XP level 17. HP: 166/166 MP: 24/24
 31980 | Snake:4  | Got a serpentine rune of Zot
 32131 | Swamp:1  | Entered Level 1 of the Swamp
 32136 | Swamp:1  | Noticed Louise
 32165 | Swamp:1  | Cast into level 2 of the Abyss (Louise)
 32252 | Swamp:1  | Escaped the Abyss
 32298 | Swamp:1  | Killed Louise
 32649 | Swamp:1  | Noticed Frances
 32662 | Swamp:1  | Killed Frances
 32662 | Swamp:1  | Reached skill level 19 in Fighting
 34059 | Swamp:3  | Found a hide-covered altar of Uskayaw.
 34570 | Swamp:4  | Entered Level 4 of the Swamp
 34570 | Swamp:4  | Noticed a tentacled monstrosity
 34690 | Swamp:4  | Killed a tentacled monstrosity
 34725 | Swamp:4  | Reached XP level 18. HP: 176/176 MP: 26/26
 35596 | Swamp:4  | Noticed the 27-headed Lernaean hydra
 36029 | Swamp:4  | Killed the 27-headed Lernaean hydra
 36046 | Swamp:4  | Got a decaying rune of Zot
 36576 | Vaults:1 | Entered Level 1 of the Vaults
 36823 | Vaults:1 | Found a gateway to a bazaar.
 36832 | Bazaar   | Entered a bazaar
 36832 | Bazaar   | Found Luakof's Antique Weapon Shoppe.
 36832 | Bazaar   | Found Gag Cat's Distillery.
 36836 | Bazaar   | Found Yzxery's Jewellery Emporium.
 36850 | Bazaar   | Found Utudoph's Jewellery Shoppe.
 36868 | Bazaar   | Bought a potion of might for 56 gold pieces
 36868 | Bazaar   | Bought a potion of invisibility for 112 gold pieces
 36868 | Bazaar   | Bought a potion of heal wounds for 70 gold pieces
 36868 | Bazaar   | Bought a potion of invisibility for 112 gold pieces
 36868 | Bazaar   | Bought a potion of haste for 140 gold pieces
 36868 | Bazaar   | Bought a potion of cancellation for 112 gold pieces
 37370 | Vaults:1 | Noticed a Hell Sentinel
 38000 | Vaults:1 | Reached skill level 20 in Fighting
 38302 | Vaults:1 | Reached XP level 19. HP: 185/185 MP: 27/29
 38948 | Vaults:1 | Identified the cursed +1 arbalest "Gakluth" {elec, rPois
                  | rN+} (You found it on level 1 of the Vaults)
 39127 | Vaults:2 | Noticed Sojobo
 39158 | Vaults:2 | Killed Sojobo
 39158 | Vaults:2 | Reached skill level 15 in Invocations
 39182 | Vaults:2 | Noticed Boris
 39201 | Vaults:2 | Killed Boris
 39264 | Vaults:2 | Noticed Aizul
 39278 | Vaults:2 | Killed Aizul
 39292 | Vaults:2 | Noticed Mennas
 39656 | Elf:1    | Entered Level 1 of the Elven Halls
 39768 | Elf:1    | Found Ratonaowki's Antique Armour Shop.
 40109 | Elf:1    | Found a runed translucent gate.
 40111 | Elf:1    | Found a runed translucent gate.
 40112 | Elf:1    | Found a runed translucent gate.
 40722 | Elf:1    | Identified Dispater's Reference Book on Supportive
                  | Conjuration
 41475 | Elf:2    | Found a huge runed translucent gate.
 41475 | Elf:2    | Found a huge runed translucent gate.
 41475 | Elf:2    | Found a huge runed translucent gate.
 41476 | Elf:2    | Found a huge runed translucent gate.
 41482 | Elf:2    | Found a huge runed translucent gate.
 42653 | Vaults:1 | Upgraded the game from 0.24-a0-292-g5c6fb1c to
                  | 0.24-a0-309-g1095bca
 42855 | Depths:1 | Entered Level 1 of the Depths
 42972 | D:15     | Reached XP level 20. HP: 195/195 MP: 27/31
 43714 | Depths:1 | Noticed a juggernaut
 44086 | D:15     | Killed a juggernaut
 44506 | D:15     | Reached skill level 21 in Fighting
 45397 | Depths:1 | Noticed an ancient lich
 45665 | Orc:2    | Bought an uncursed ring of see invisible for 210 gold
                  | pieces
 45998 | D:15     | Killed an ancient lich
 46512 | Depths:1 | Found Yvuturoh's Weapon Shop.
 46587 | Depths:1 | Found a gateway to Hell.
 47259 | Depths:1 | Reached XP level 21. HP: 94/205 MP: 12/32
 47826 | Depths:1 | Identified the +1 buckler of Negligence {Int+4} (You
                  | acquired it on level 2 of the Lair of Beasts)
 47867 | Depths:1 | Identified the Grimoire of Darkness
 48153 | Depths:2 | Upgraded the game from 0.24-a0-309-g1095bca to
                  | 0.24-a0-312-g16217b4
 48769 | Depths:2 | Noticed Nikola
 48794 | Depths:2 | Killed Nikola
 49212 | Depths:2 | Reached skill level 15 in Staves
 49874 | Depths:3 | You fall through a shaft for 2 floors!
 49874 | Depths:5 | Entered Level 5 of the Depths
 50051 | Depths:5 | Noticed a juggernaut
 50063 | Depths:5 | Killed a juggernaut
 50063 | Depths:5 | Reached skill level 22 in Fighting
 50276 | Depths:3 | Found a gateway to a ziggurat.
 50861 | Depths:3 | Found a one-way gate leading to the halls of Pandemonium.
 51063 | Depths:4 | Found a transporter.
 51064 | Depths:4 | Noticed galech's ghost (veteran DsFi)
 51065 | Depths:4 | Found a transporter.
 51065 | Depths:4 | Noticed a juggernaut
 51425 | Depths:4 | Got a pitted cloak
 51426 | Depths:4 | Identified the +0 cloak "Rayrch" {Dex+2} (You acquired it
                  | on level 4 of the Depths)
 51508 | Depths:4 | Reached XP level 22. HP: 215/215 MP: 32/34
 51810 | Depths:4 | Found a one-way gate to the infinite horrors of the Abyss.
 51858 | Depths:4 | Noticed a golden dragon
 51916 | Depths:3 | Killed a golden dragon
 52292 | Depths:5 | Upgraded the game from 0.24-a0-312-g16217b4 to
                  | 0.24-a0-317-g5cb8de4
 52691 | Depths:5 | Noticed a caustic shrike
 52694 | Depths:5 | Noticed a caustic shrike
 52701 | Depths:5 | Killed a caustic shrike
 52712 | Depths:5 | Killed a caustic shrike
 52792 | Depths:5 | Noticed a caustic shrike
 52811 | Depths:5 | Killed a caustic shrike
 53113 | Depths:5 | Noticed Boris
 53138 | Depths:5 | Killed Boris
 53296 | Depths:5 | Noticed a golden dragon
 53316 | Depths:5 | Killed a golden dragon
 53375 | Depths:5 | Found a gate to the Realm of Zot.
 54085 | Vaults:2 | Killed Mennas
 54328 | Vaults:2 | Noticed Xtahua
 54743 | Vaults:2 | Killed Xtahua
 54743 | Vaults:2 | Reached skill level 23 in Fighting
 54743 | Vaults:2 | Reached XP level 23. HP: 226/226 MP: 31/35
 54947 | Vaults:2 | Found Ipi Uhoz's Gadget Emporium.
 55562 | Vaults:2 | Noticed an ancient lich
 55714 | Vaults:2 | Found a runed translucent gate.
 55715 | Vaults:2 | Found a runed translucent gate.
 55715 | Vaults:2 | Found a runed translucent gate.
 55715 | Vaults:2 | Found an ancient bone altar of Kikubaaqudgha.
 55715 | Vaults:2 | Noticed Gorice's ghost (adept GnWz)
 55715 | Vaults:2 | Noticed toffzen's ghost (adept MiAs)
 55715 | Vaults:2 | Noticed Ratty's ghost (adept DENe)
 56019 | Vaults:2 | Killed an ancient lich
 56616 | Vaults:3 | Noticed Margery
 56631 | Vaults:3 | Killed Margery
 57739 | Vaults:3 | Got a pair of twisted gloves
 57757 | Vaults:3 | Identified the +0 pair of gloves of Minor Irritation {rPois
                  | rC+++ rCorr Str-5} (You acquired it on level 3 of the
                  | Vaults)
 57953 | Vaults:3 | Found a staircase to the Crypt.
 58450 | Vaults:4 | Reached skill level 24 in Fighting
 58908 | Vaults:3 | Found a staircase to the Crypt.
 60167 | Vaults:4 | Reached XP level 24. HP: 239/239 MP: 35/35
 60172 | Vaults:4 | Noticed Boris
 60193 | Vaults:4 | Killed Boris
 60849 | Vaults:5 | Entered Level 5 of the Vaults
 61208 | Vaults:5 | Reached skill level 25 in Fighting
 61336 | Vaults:5 | Identified the +5 scale mail of the Sea {rF++ Str-4 Int+7}
 61753 | Vaults:5 | Identified the +8 dagger "Saxtaj" {drain, rPois Str+6
                  | Dex-3}
 61801 | Vaults:5 | Noticed an ancient lich
 61834 | Vaults:5 | Killed an ancient lich
 62014 | Vaults:5 | Got a silver rune of Zot
 62090 | Vaults:5 | Noticed an ancient lich
 62106 | Vaults:5 | Killed an ancient lich
 62281 | Vaults:5 | Noticed an ancient lich
 62303 | Vaults:5 | Killed an ancient lich
 62303 | Vaults:5 | Reached XP level 25. HP: 251/251 MP: 32/36
 62303 | Vaults:5 | Identified the +7 hunting sling "Bozic" {venom, rF+ rC++
                  | Dex+2}
 62553 | Vaults:5 | Identified the +5 quarterstaff of Yfrev {crush, Int-2 Dex+5
                  | SInv} (You found it on level 5 of the Vaults)
 62683 | Vaults:5 | Found the +10 Black Knight's horse barding {ponderous,
                  | rPois rN+}
 62896 | Vaults:5 | Reached skill level 26 in Fighting
 63914 | Elf:1    | Found a runed translucent gate.
 63914 | Elf:1    | Found a runed translucent gate.
 63925 | Elf:1    | Found a runed translucent gate.
 63932 | Elf:1    | Noticed PeterLawrence's ghost (adept MiFi)
 63977 | Elf:1    | Killed PeterLawrence's ghost
 64185 | Elf:1    | Got a pair of transparent gloves
 64188 | Elf:1    | Identified the cursed +0 pair of gloves "Waugh" {Regen+
                  | Dex+6} (You found it on level 1 of the Elven Halls)
 64208 | Elf:1    | Learned a level 1 spell: Apportation
 64246 | Elf:1    | Gained mutation: You tend to lose your temper in combat.
                  | [mutagenic glow]
 64963 | Vaults:2 | Killed Gorice's ghost
 64992 | Vaults:2 | Killed toffzen's ghost
 64997 | Vaults:2 | Killed Ratty's ghost
 65017 | Vaults:2 | Identified Further Progress in Spellweaving
 65026 | Vaults:2 | Got a crude copper ring
 65027 | Vaults:2 | Identified the ring "Xihaxi" {rF+ Dex+3} (You found it on
                  | level 2 of the Vaults)
 65033 | Vaults:2 | Identified the -4 hat "Weqeppup" {Int+7} (You found it on
                  | level 2 of the Vaults)
 65293 | Zot:1    | Entered Level 1 of the Realm of Zot
 67305 | Zot:2    | Reached skill level 27 in Fighting
 67369 | Zot:2    | Reached XP level 26. HP: 264/264 MP: 35/36
 67576 | Zot:2    | Found the +3 giant club "Skullcrusher" {speed, Str+7}
 67686 | Zot:2    | Identified the Incunabulum of Poison and Conjuration
 68582 | Zot:3    | Noticed an orb of fire
 68590 | Zot:3    | Gained mutation: You are frail. (-10% HP) [an orb of fire]
 68594 | Zot:3    | Gained mutation: You often lose your temper in combat. [an
                  | orb of fire]
 68605 | Zot:3    | Killed an orb of fire
 69766 | Zot:3    | You fall through a shaft!
 71523 | Zot:4    | Reached XP level 27. HP: 245/245 MP: 36/36
 71846 | Zot:5    | Entered Level 5 of the Realm of Zot
 73981 | Zot:5    | Noticed an orb of fire
 73983 | Zot:5    | Killed an orb of fire
 73985 | Zot:5    | Noticed an orb of fire
 73985 | Zot:5    | Noticed an orb of fire
 73985 | Zot:5    | Noticed an orb of fire
 73985 | Zot:5    | Noticed an orb of fire
 74002 | Zot:5    | Killed an orb of fire
 74015 | Zot:5    | Killed an orb of fire
 74023 | Zot:5    | Killed an orb of fire
 74023 | Zot:5    | Noticed an orb of fire
 74026 | Zot:5    | Gained mutation: Armour fits poorly on your strangely
                  | shaped body. [an orb of fire]
 74035 | Zot:5    | Killed an orb of fire
 74039 | Zot:5    | Noticed an orb of fire
 74053 | Zot:5    | Gained mutation: Scrolls take you a little longer to read.
                  | [an orb of fire]
 74058 | Zot:5    | Killed an orb of fire
 74073 | Zot:5    | Lost mutation: Scrolls take you a little longer to read.
                  | [an orb of fire]
 74078 | Zot:5    | Killed an orb of fire
 74087 | Zot:5    | Noticed an ancient lich
 74089 | Zot:5    | Cast into level 5 of the Abyss (an ancient lich)
 74089 | Abyss:5  | Entered Level 5 of the Abyss
 74089 | Abyss:5  | Entered Level 5 of the Abyss
 74678 | Zot:5    | Escaped the Abyss
 74690 | Zot:5    | Killed an ancient lich
 74690 | Zot:5    | Noticed an orb of fire
 74710 | Zot:5    | Killed an orb of fire
 77924 | Zot:4    | Lost mutation: You often lose your temper in combat.
                  | [potion of mutation]
 77924 | Zot:4    | Lost mutation: You tend to lose your temper in combat.
                  | [potion of mutation]
 77924 | Zot:4    | Lost mutation: You are frail. (-10% HP) [potion of
                  | mutation]
 77924 | Zot:4    | Lost mutation: Armour fits poorly on your strangely shaped
                  | body. [potion of mutation]
 77924 | Zot:4    | Gained mutation: You are partially covered in icy blue
                  | scales. (AC +2) [potion of mutation]
 77924 | Zot:4    | Gained mutation: You are partially covered in thin metallic
                  | scales. (AC +2) [potion of mutation]
 77924 | Zot:4    | Gained mutation: You passively map a small area around you.
                  | [potion of mutation]
 79673 | Zot:5    | Got the Orb of Zot
 79973 | Depths:5 | Noticed a seraph
 79982 | Depths:5 | Killed a seraph
 80421 | D:$      | Escaped with the Orb!

Levels and vault maps discovered:
D:1:      tarquinn_simple_flora_water_a, layout_basic, minivault_26
D:2:      layout_basic, uniq_terence, uniq_robin, uniq_natasha
D:3:      layout_rooms, marbit_many_paths, nicolae_overflow_hidden_temple,
          first_ration
D:4:      layout_basic, biasface_ghost_orc_armoury
D:5:      layout_gridville, vehumet_altar_wand_db
D:6:      layout_basic, trog_ov_bears_minmay, minmay_temple_entry_ruins
D:7:      layout_basic, lemuel_doored_altar, lemuel_altar_in_water, uniq_pikel,
          uniq_duvessa
D:8:      layout_cave_pods, erik_lair_orcish_takeover, uniq_psyche,
          uniq_prince_ribbit1
D:9:      layout_cave_pods, lemuel_zombie_altar_yredelemnul, minitemple,
          nicolae_qazlal_style_of_elements, elyvilon_altar_3, uniq_maurice
D:10:     layout_roguey, hangedman_stone_soup, nicolae_gozag_zags_fifth_avenue
D:11:     layout_cave_pools, minmay_misc_feat_tiny, lemuel_angel_altar
D:12:     layout_basic, serial_shops, nicolae_shop_stone, shop, uniq_jorgrun,
          uniq_fannar
D:13:     layout_basic, serial_glass, glass_columns_b, glass_columns_a
D:14:     layout_stronghold, david_vaults_4, nicolae_trove_entry_free_sample,
          minmay_misc_feat_secret_circle, minmay_crystal_box
D:15:     grunt_enter_depths_hoard, layout_cave_pods, fedhas_altar_1,
          serial_shops, bzr_entry_dummy, ebering_dispersal_statue_hall
Temple:   minmay_temple_bridge_abc
Lair:1:   layout_concentric_octagons, minmay_shattered_shrine
Lair:2:   layout_chaotic_city, guppyfry_snake_entry_garden, lemuel_oklob_altar
Lair:3:   layout_regular_city, minmay_swamp_entry_reptiles
Lair:4:   layout_gridlike, portal_ice_cave_entry_imps, gauntlet_entry_generic
Lair:5:   layout_hall_layers, uniq_josephine
Lair:6:   minmay_lair_end_enchanted_forest, layout_gridlike, slime_altar_1,
          infiniplex_staircase_pool_2, uniq_urug
Swamp:1:  layout_falls_marsh, hangedman_swamp_cone, uniq_frances, uniq_louise
Swamp:2:  layout_basic_swamp, evilmike_swamp_ruin_house_3,
          infiniplex_staircase_pool
Swamp:3:  layout_falls_marsh, nicolae_swamp_godswood
Swamp:4:  grunt_swamp_rune_castle, layout_basic_swamp
Snake:1:  layout_chambers
Snake:2:  nicolae_snake_nest, layout_misc_corridors
Snake:3:  layout_grid_shapes, basic_altar, st_stairs_9
Snake:4:  grunt_snake_rune_serpentine_throne, layout_cave_town,
          grunt_ministairs_1, st_stairs_4, serial_bayou_shore_b, uniq_mara
Orc:1:    layout_caves, basic_altar, guppyfry_library_mini
Orc:2:    grunt_orc_cross, layout_diamond_mine, serial_shops, shop,
          bh_open_orc_temple, uniq_snorg
Elf:1:    minmay_elf_arrival_summoners, layout_gridlike,
          ploomutoo_gammafunk_ghost_potion_laboratory, serial_shops,
          nicolae_shop_temple_entry_statues_fountains, minmay_elf_sorcery,
          grunt_megastairs_3
Elf:2:    layout_geoelf_diagonals, lemuel_elevator
Vaults:1: ontoclasm_vaults_ring_large, v_misc_10, nicolae_vaults_alarming,
          nicolae_vaults_network_periphery, hangedman_vaults_slice,
          nicolae_vaults_yaktaur_gun_rack, nicolae_vaults_three_branches,
          vaults_room_guarded_vault, layout_vaults_omnicross, serial_shops,
          bzr_entry_water, mu_enter_wizlab_4
Vaults:2: gammafunk_vaults_ghost_crypt, hangedman_vaults_slice,
          ontoclasm_vaults_eye, v_alt_pattern_4, st_quartered_hall,
          nicolae_vaults_shelves_hall, nicolae_vaults_what_the_h,
          hangedman_vaults_impose, ontoclasm_vaults_chip, v_misc_27,
          hangedman_vaults_impose, nicolae_vaults_rhombus_6,
          vaults_room_semicircle, layout_vaults_omnigrid, serial_shops,
          nicolae_shop_competitors_out_of_business, uniq_aizul, uniq_sojobo,
          uniq_mennas, uniq_xtahua, uniq_boris
Vaults:3: minmay_crypt_entry_simple_corners, nicolae_vaults_c_with_doors,
          hangedman_vaults_capsules, hangedman_vaults_stream,
          nicolae_vaults_big_angled_halls, vaults_dpeg_cross, v_misc_9,
          vaults_room_corners, grunt_vaults_diagonal,
          vaults_standard_mumra_enter_the_diamond, layout_vaults_chaotic_city,
          uniq_margery
Vaults:4: ontoclasm_vaults_pinch, vaults_dpeg_encased_lava, v_misc_2, v_rooms_6,
          nicolae_vaults_little_squares_3, v_alt_pattern_4,
          hangedman_vaults_nodes, vaults_room_ringed_pool, vaults_dpeg_hooks,
          vaults_mumra_minichess, ontoclasm_vaults_ring_square, v_misc_18,
          st_more_cells, layout_vaults_omnibox
Vaults:5: serial_shops
Depths:1: minmay_the_grid_square_5x5_4x4_mashed
          [minmay_the_grid_square_5x5_tetrominoes,
          minmay_the_grid_square_5x5_inner_z,
          minmay_the_grid_square_5x5_n_small,
          minmay_the_grid_square_5x5_broken_cross,
          minmay_the_grid_square_5x5_half_checkered,
          minmay_the_grid_square_5x5_prize_waves,
          minmay_the_grid_square_5x5_prize_rear_guard,
          minmay_the_grid_square_5x5_checkered, minmay_the_grid_square_5x5_six,
          minmay_the_grid_square_5x5_prize_open,
          minmay_the_grid_square_5x5_prize_gold,
          minmay_the_grid_square_5x5_one_wall,
          minmay_the_grid_square_5x5_percent,
          minmay_the_grid_square_5x5_minimal, minmay_the_grid_square_5x5_eight,
          minmay_the_grid_square_5x5_tri_point], layout_cave_pools, special_room
          [special_room_morgue], serial_shops, shop,
          chequers_serial_rivers_room_a, hell_entry, roderic_lattice_a,
          minmay_microvault
Depths:2: nooodl_glass_maze, layout_cross, hell_entry, uniq_nikola
Depths:3: cheibrodos_birdhouse, layout_twisted_cross, enter_ziggurat_e,
          rand_demon_pan_entry_7, hell_entry, serial_bayou_shore_a,
          firewood_loft
Depths:4: hangedman_cross_stitches, layout_basic, dk_noncrumbling_4,
          grunt_hell_horde, pan_entry, gammafunk_ghost_mausoleum,
          hangedman_abyss_entry_splay
Depths:5: grunt_zot_entry_tricorne, layout_cave_shapes, grunt_decor_arrowhead,
          hell_entry, grunt_ministairs_11
Zot:1:    layout_gridville, hangedman_zot_decor_slant
Zot:2:    layout_basic, st_large_dragon_hoard_2
Zot:3:    circus_mu, layout_gridville, grunt_ministairs_9,
          amethyst_zot_foddershock
Zot:4:    layout_onion_interference
Zot:5:    layout_basic

Skill      XL: |  1  2  3  4  5  6  7  8  9 10 11 12 13 14 15 16 17 18 19 20 21 22 23 24 25 26 27 |
---------------+----------------------------------------------------------------------------------+-----
Armour         | 1 2 3 4 5 7 8 9 11 13 14 15 16 17 18 19 20 21 22 23 24 25 26 | 26.8
Fighting       | 3 4 5 6 7 8 10 11 13 16 17 18 19 20 21 22 23 24 25 27 | 27.0
Dodging        | 2 3 4 5 6 7 9 10 12 13 14 15 16 17 18 19 20 21 22 23 25 | 25.1
Maces & Flails | 2 3 4 6 |  6.3
Shields        | 1 3 |  3.1
Staves         | 5 7 9 12 13 14 15 16 18 | 18.0
Invocations    | 3 4 5 6 7 10 12 14 16 17 18 19 20 21 23 | 23.4
Evocations     | 1 |  1.9
Short Blades   | |  2.1
Throwing       | |  2.0
Stealth        | |  3.2

Action                   |  1- 3 |  4- 6 |  7- 9 | 10-12 | 13-15 | 16-18 | 19-21 | 22-24 | 25-27 || total
-------------------------+-------+-------+-------+-------+-------+-------+-------+-------+-------++-------
Melee: Dagger            |   120 |   150 |       |       |       |       |       |       |       ||   270
       Headbutt          |    15 |    38 |    48 |   108 |   277 |   424 |   582 |   727 |   711 ||  2930
       Mace              |       |    49 |   122 |       |       |       |       |       |       ||   171
       Quarterstaff      |       |       |   143 |   586 |  1323 |  1562 |  1999 |  2088 |   666 ||  8367
       Lajatang          |       |       |       |       |       |       |       |    80 |  1119 ||  1199
 Fire: Hunting sling     |       |    36 |    44 |       |    47 |       |       |       |       ||   127
Throw: Stone             |       |    10 |       |     2 |       |       |       |       |       ||    12
 Cast: Apportation       |       |       |       |       |       |       |       |       |     4 ||     4
Invok: Minor Destruction |       |       |       |    72 |    95 |    30 |    27 |    11 |       ||   235
       Lesser Servant of |       |       |       |     1 |     6 |    19 |    10 |    15 |    10 ||    61
       Greater Servant o |       |       |       |       |       |     2 |     1 |     2 |     2 ||     7
       Major Destruction |       |       |       |       |       |       |     4 |     9 |       ||    13
Evoke: Wand              |       |       |     4 |     1 |       |       |     1 |       |    16 ||    22
  Use: Scroll            |     1 |     3 |     8 |    14 |    16 |    11 |    16 |    21 |    21 ||   111
       Potion            |       |       |     1 |     1 |     2 |     3 |     2 |     2 |    18 ||    29
 Stab: Sleeping          |     3 |       |       |       |       |       |       |       |       ||     3
       Distracted        |       |       |       |       |     1 |     9 |     7 |     8 |     6 ||    31
       Confused          |       |       |       |       |       |     1 |       |       |       ||     1
  Eat: Chunk             |     3 |    10 |    10 |    15 |    41 |    23 |    23 |    17 |     7 ||   149
       Ration            |       |       |       |     3 |     3 |     2 |     6 |     7 |    16 ||    37
Armor: Robe              |    37 |    14 |       |       |       |       |       |       |       ||    51
       Plate armour      |       |    63 |   190 |   137 |   356 |   756 |   861 |    42 |       ||  2405
       Scale mail        |       |     8 |       |    90 |   133 |     1 |       |       |       ||   232
       Gold dragon scale |       |       |       |       |       |       |       |  1086 |   874 ||  1960
Dodge: Dodged            |    64 |    64 |    63 |   243 |   640 |   935 |  1256 |  1254 |  1294 ||  5813
Block: Shield            |       |    23 |    71 |       |       |       |       |       |       ||    94

Table legend:
 A = Non-vault XP
 B = Vault XP
 C = Vault XP percentage of total XP
 D = Non-vault monster count
 E = Vault monster count
 F = Vault count percentage of total count
                 A         B        C        D         E       F
            +---------+---------+-------+---------+---------+-------
      Total |  888604 |  838568 |  48.6 |    1557 |     857 |  35.5
            +---------+---------+-------+---------+---------+-------
        D:1 |      52 |      16 |  23.5 |      28 |       8 |  22.2
        D:2 |     142 |      93 |  39.6 |      25 |       6 |  19.4
        D:3 |      22 |      14 |  38.9 |      12 |       1 |   7.7
        D:4 |     299 |     637 |  68.1 |      19 |      11 |  36.7
        D:5 |     432 |       2 |   0.5 |      13 |       1 |   7.1
        D:6 |     792 |     257 |  24.5 |      14 |       2 |  12.5
        D:7 |    1023 |     819 |  44.5 |      22 |       3 |  12.0
        D:8 |    2239 |    1393 |  38.4 |      26 |      11 |  29.7
        D:9 |    2656 |     425 |  13.8 |      28 |       3 |   9.7
       D:10 |    2269 |     916 |  28.8 |      24 |       3 |  11.1
       D:11 |     913 |       0 |   0.0 |       6 |       0 |   0.0
       D:12 |    4122 |    3418 |  45.3 |      41 |       2 |   4.7
       D:13 |    5655 |     307 |   5.1 |      23 |       1 |   4.2
       D:14 |    5343 |    6427 |  54.6 |      19 |       8 |  29.6
       D:15 |   48575 |   54180 |  52.7 |      67 |      40 |  37.4
     Lair:1 |    6604 |    3334 |  33.5 |      31 |      11 |  26.2
     Lair:2 |     863 |     335 |  28.0 |       5 |       2 |  28.6
     Lair:3 |    2048 |     692 |  25.3 |      12 |       2 |  14.3
     Lair:4 |    6821 |     123 |   1.8 |      23 |      12 |  34.3
     Lair:5 |    7078 |    2083 |  22.7 |      32 |       6 |  15.8
     Lair:6 |   13205 |    8918 |  40.3 |      47 |      45 |  48.9
    Swamp:1 |   12226 |    4019 |  24.7 |      40 |       2 |   4.8
    Swamp:2 |   14789 |       0 |   0.0 |      36 |       0 |   0.0
    Swamp:3 |   16174 |     967 |   5.6 |      45 |       1 |   2.2
    Swamp:4 |   18348 |   18622 |  50.4 |      42 |      32 |  43.2
    Snake:1 |    5925 |       0 |   0.0 |       8 |       0 |   0.0
    Snake:2 |   10591 |       0 |   0.0 |      19 |       0 |   0.0
    Snake:3 |    9923 |    1782 |  15.2 |      21 |       3 |  12.5
    Snake:4 |   25839 |   55741 |  68.3 |      46 |      67 |  59.3
      Orc:1 |    4709 |     312 |   6.2 |      36 |       9 |  20.0
      Orc:2 |    5108 |   10031 |  66.3 |      48 |      36 |  42.9
      Elf:1 |   18557 |   31132 |  62.7 |      29 |      42 |  59.2
      Elf:2 |   10718 |   18712 |  63.6 |      18 |      23 |  56.1
   Vaults:1 |   42620 |   19300 |  31.2 |      71 |      31 |  30.4
   Vaults:2 |   18634 |   76525 |  80.4 |      31 |      61 |  66.3
   Vaults:3 |   31893 |   33624 |  51.3 |      50 |      44 |  46.8
   Vaults:4 |   37549 |   39061 |  51.0 |      54 |      49 |  47.6
   Vaults:5 |   49541 |  108913 |  68.7 |      73 |      62 |  45.9
   Depths:1 |   34094 |   16281 |  32.3 |      47 |      17 |  26.6
   Depths:2 |   23063 |    6254 |  21.3 |      33 |       7 |  17.5
   Depths:3 |   25463 |   13326 |  34.4 |      31 |      13 |  29.5
   Depths:4 |   40777 |   17307 |  29.8 |      50 |      24 |  32.4
   Depths:5 |   46482 |   28778 |  38.2 |      29 |      19 |  39.6
      Zot:1 |   45964 |       0 |   0.0 |      24 |       0 |   0.0
      Zot:2 |   75799 |   30779 |  28.9 |      52 |      13 |  20.0
      Zot:3 |   34432 |   40864 |  54.3 |      16 |      25 |  61.0
      Zot:4 |   61043 |       0 |   0.0 |      40 |       0 |   0.0
      Zot:5 |   37643 |  168309 |  81.7 |      26 |      39 |  60.0
    Abyss:2 |    1710 |    3201 |  65.2 |       2 |       4 |  66.7
    Abyss:5 |   17837 |    4049 |  18.5 |      23 |       2 |   8.0
      IceCv |       0 |    6290 | 100.0 |       0 |      54 | 100.0
            +---------+---------+-------+---------+---------+-------
